 Dungeon Crawl Stone Soup version 0.29.1-4-g47bece8355 (webtiles) character file.

Game seed: 13859726537804862020

13 mester the Magician (level 2, 0/20 HPs)
             Began as a Demigod Hedge Wizard on Dec 1, 2022.
             Succumbed to an adder's poison
             ... on level 2 of the Dungeon.
             The game lasted 00:06:27 (1420 turns).

mester the Magician (Demigod Hedge Wizard)          Turns: 1420, Time: 00:06:28

Health: 0/20       AC:  2    Str: 11    XL:     2   Next: 12%
Magic:  8/8        EV: 12    Int: 16    God:
Gold:   38         SH:  0    Dex: 13    Spells: 5/7 levels left

rFire   . . .      SeeInvis .   a - +0 dagger
rCold   . . .      Faith    .   (no shield)
rNeg    . . .      Spirit   .   b - +0 robe
rPois   .          Reflect  .   c - +0 hat
rElec   .          Harm     .   (no cloak)
rCorr   .          Rampage  .   (no gloves)
Will    .....                   (no boots)
Stlth   ++........              (no amulet)
HPRegen 0.06/turn               (no ring)
MPRegen 0.11/turn               (no ring)

@: lethally poisoned (0 -> -11)
A: high MP 1, forlorn, divine attributes
a: no special abilities


You were on level 2 of the Dungeon.
You visited 1 branch of the dungeon, and saw 2 of its levels.

You collected 38 gold pieces.

Inventory:

Hand Weapons
 a - a +0 dagger (weapon)
Armour
 b - a +0 robe (worn)
 c - a +0 hat (worn)
Scrolls
 f - a scroll of acquirement {unknown}
 h - a scroll of noise {unknown}
 i - a scroll of poison {unknown}
Potions
 d - a potion of magic
 e - 2 potions of curing {unknown}
 g - a potion of heal wounds {unknown}


   Skills:
 + Level 0.2 Short Blades
 + Level 1.8 Dodging
 + Level 1.8 Stealth
 + Level 3.1 Spellcasting
 + Level 0.9 Conjurations
 + Level 0.8 Summonings
 + Level 0.8 Translocations


You had 5 spell levels left.
You knew the following spells:

 Your Spells              Type           Power      Damage    Failure   Level
a - Magic Dart            Conj           20%        1d4       13%         1
b - Slow                  Hex            8%         N/A       19%         1

Your spell library contained the following spells:

 Spells                   Type           Power      Damage    Failure   Level
 Blink                    Tloc           10%        N/A       21%         2
 Call Imp                 Summ           5%         N/A       21%         2
 Sublimation of Blood     Necr           2%         N/A       28%         2
 Conjure Flame            Conj/Fire      4%         6-21      41%         3
 Stone Arrow              Conj/Erth      8%         3d7       41%         3
 Mephitic Cloud           Conj/Pois/Air  3%         N/A       43%         3
 Animate Armour           Summ/Erth      6%         N/A       83%         4
 Petrify                  Tmut/Erth      2%         N/A       88%         4
 Irradiate                Conj/Tmut      2%         3d12      99%         5
 Lehudib's Crystal Spear  Conj/Erth      2%         10d2      100%        8


Dungeon Overview and Level Annotations

Branches:
Dungeon (2/15)

Shops:
D:2 *


Innate Abilities, Weirdness & Mutations

You have an increased reservoir of magic. (+10% MP)
You shall have no god before yourself.
Your divine heritage dramatically boosts your attributes as you level up.


Message History

Found a stone staircase leading down.
An adder comes into view.
Casting: Magic Dart (safe; 13% risk of failure)
Confirm with . or Enter, or press ? or * to list all spells.
Aiming: Magic Dart (safe; 13% risk of failure)
Press: ? - help, Shift-Dir - straight line, f - adder
Aim: an adder (asleep, 100% to hit)
The magic dart hits the adder but does no damage.
The adder hisses angrily.
You closely miss the adder. The adder bites you.
You closely miss the adder. The adder bites you.
You hit the adder.
The adder is lightly wounded.
The adder misses you. The adder bites you.
You are poisoned.
The adder poisons you!
You completely miss the adder.
The adder is lightly wounded.
You feel sick. The adder barely misses you.
You hit the adder but do no damage.
The adder is lightly wounded.
You feel sick. The adder bites you.
You are more poisoned.
The adder poisons you!
You closely miss the adder.
The adder is lightly wounded.
You feel sick. The adder barely misses you. x2
You miss the adder.
You feel sick. The adder bites you.
* * * LOW HITPOINT WARNING * * *
Unknown command.
You hit the adder.
The adder is moderately wounded.
* * * LOW HITPOINT WARNING * * *
You feel sick. The adder bites you.
* * * LOW HITPOINT WARNING * * *
You are more poisoned.
The adder poisons you!
You hit the adder.
The adder is severely wounded.
You die...

## .. #. ###
#. ... ...
###$## #>#
..# #..S@##
#.. ###..
#.###.###.#
#.... ##...#
#.#.# ##.##
#.#.#
#.######.#.#
#.....)....#
#####.##.###
#.##.#
#.##.#


You could see an adder.

Vanquished Creatures
  An endoplasm (D:1)
  2 giant cockroaches (D:1)
  2 hobgoblins
  2 kobolds
  A ball python (D:1)
  A bat (D:1)
  A goblin (D:1)
  3 rats
13 creatures vanquished.

Notes
Turn   | Place    | Note
-------+----------+-------------------------------------------
     0 | D:1      | mester the Demigod Hedge Wizard began the quest for the
                  | Orb.
     0 | D:1      | Reached XP level 1. HP: 14/14 MP: 6/6
    29 | D:1      | Learned a level 1 spell: Slow
   661 | D:1      | Reached skill level 3 in Spellcasting
  1113 | D:1      | Reached XP level 2. HP: 20/20 MP: 5/8
  1259 | D:2      | Found Irghutt's General Store.
  1420 | D:2      | Succumbed to an adder's poison

Illustrated notes

Levels and vault maps discovered:
D:1:      heliophobic_arrival_henge, layout_loops_ring
D:2:      layout_loops_ring, serial_shops, shop, kennysheep_path_1,
          minmay_goblin_kobold_house

Skill      XL: |  1 |
---------------+----+-----
Spellcasting   | 3 |  3.1
Short Blades   | |  0.2
Dodging        | |  1.8
Stealth        | |  1.8
Conjurations   | |  0.9
Summonings     | |  0.8
Translocations | |  0.8

Action                   || total
-------------------------++-------
Melee: Dagger            ||    30
 Cast: Magic Dart        ||    28
Armor: Robe              ||     2
Dodge: Dodged            ||    11
